 Dungeon Crawl Stone Soup version 0.27.1-33-g824d729ab1 (webtiles) character file.

Game seed: 17596661798508208180

224 Kaiern the Covered (level 6, 40/40 HPs)
             Began as a Gargoyle Fighter on Nov 28, 2021.
             Quit the game on level 3 of the Dungeon on Nov 29, 2021.
             The game lasted 00:15:39 (3145 turns).

Kaiern the Covered (Gargoyle Fighter)               Turns: 3145, Time: 00:15:40

Health: 40/40      AC: 11    Str: 22    XL:     6   Next: 0%
Magic:  6/6        EV:  7    Int:  8    God:
Gold:   149        SH:  9    Dex:  9    Spells: 1/5 levels left

rFire    . . .     SeeInvis .   a - +0 flail
rCold    + . .     Faith    .   c - +0 kite shield
rNeg     + . .     Spirit   .   b - +0 scale mail
rPois    ∞         Reflect  .   (no helmet)
rElec    +         Harm     .   (no cloak)
rCorr    .         Rampage  .   (no gloves)
Will     +....                  (no boots)
Stlth    ..........             l - amulet of regeneration
HPRegen  1.13/turn              h - ring of willpower
MPRegen  0.10/turn              n - ring of protection from cold

@: no status effects
A: sickness immunity, AC +4, negative energy resistance 1, electricity
resistance, torment resistance 1, petrification resistance
a: no special abilities


You were on level 3 of the Dungeon.
You visited 1 branch of the dungeon, and saw 4 of its levels.

You collected 149 gold pieces.

Inventory:

Hand Weapons
 a - a +0 flail (weapon)
Missiles
 p - 26 stones (quivered)
Armour
 b - a +0 scale mail (worn)
 c - a +0 kite shield (worn)
Jewellery
 h - a ring of willpower (left hand)
 l - an amulet of regeneration (around neck)
 n - a ring of protection from cold (right hand)
Scrolls
 f - a scroll of amnesia {unknown}
 g - a scroll of immolation {unknown}
 i - a scroll of vulnerability {unknown}
 k - a scroll of teleportation {unknown}
 m - a scroll of noise {unknown}
 o - 2 scrolls of identify {unknown}
 q - a scroll of blinking {unknown}
Potions
 d - a potion of might
 e - 5 potions of curing {unknown}
 j - a potion of attraction {unknown}


   Skills:
 + Level 4.8 Fighting
 + Level 3.7 Maces & Flails
 + Level 4.8 Armour
 - Level 1.1 Stealth
 - Level 3.2 Shields


You had one spell level left.
You knew the following spells:

 Your Spells              Type           Power      Damage    Failure   Level
a - Olgreb's Toxic Radia  Pois           0%         N/A       100%        4

Your spell library contained the following spells:

 Spells                   Type           Power      Damage    Failure   Level
 Animate Skeleton         Necr           0%         N/A       99%         1
 Apportation              Tloc           0%         N/A       99%         1
 Corona                   Hex            0%         N/A       99%         1
 Sting                    Tmut/Pois      0%         1d3       99%         1
 Summon Small Mammal      Summ           0%         N/A       99%         1
 Poisonous Vapours        Pois/Air       0%         N/A       100%        2


Dungeon Overview and Level Annotations

Branches:
Dungeon (4/15)
 Temple: D:4-7

Altars:

Shops:
D:1 (


Innate Abilities, Weirdness & Mutations

You are immune to sickness and miasma.
Your stone body is resilient. (AC +4)
You are immune to poison.
You resist negative energy. (rN+)
You are resistant to electric shocks. (rElec)
You are resistant to unholy torment.
You are immune to petrification.


Message History

You kill the endoplasm!
The goblin shoots a stone.
You block the stone.
The goblin shoots a stone.
The stone hits you but does no damage.
The goblin shoots a stone.
The stone hits you but does no damage.
You climb upwards.
There is a stone staircase leading down here.
A ball python comes into view.
The ball python hisses angrily.
A quokka comes into view.
You sock the ball python!
You kill the ball python!
You hit the quokka but do no damage. You block the quokka's attack.
The quokka bites you.
You sock the quokka!
You kill the quokka!
Found a stone staircase leading down.
You see here a quokka corpse.
A giant cockroach comes into view.
You sock the giant cockroach!
You kill the giant cockroach!
You have reached level 6!
Your experience leads to an increase in your attributes!
Increase (S)trength, (I)ntelligence, or (D)exterity?
You feel stronger.
Found a twisted smoking staff.
You see here a giant cockroach corpse.
A goblin comes into view. It is wielding a +0 club.
You block the goblin's attack.
You see here a staff of poison.
You sock the goblin!
You kill the goblin!
You see here a +0 club.
You see here a staff of poison.
You see here a +0 club.
Found a Young Poisoner's Handbook.
Done exploring.
Search for what [Enter for "."]? .
Welcome back, Kaiern the Gargoyle Fighter.
Press ? for a list of commands and other information.
Are you sure you want to abandon this character and quit the game? (Confirm with "yes".)

#..<# ####.####
### #.......#
##.##### #.##.##.#
#......#
#.##.##.####.....#
#.##..............
#.#####.####.....#
#.#####.# #.....#
#@......# #######
#########


There were no monsters in sight!

Vanquished Creatures
  2 orc priests (D:3)
  Natasha (thrice) (D:2)
  An adder (D:3)
  2 worms
  3 dart slugs
  4 orcs (D:3)
  3 ball pythons
  9 endoplasms
  5 giant cockroaches
  6 goblins
  4 hobgoblins
  5 quokkas
  4 bats
  4 frilled lizards
  8 kobolds
  5 rats
68 creatures vanquished.

Notes
Turn   | Place    | Note
-------+----------+-------------------------------------------
     0 | D:1      | Kaiern the Gargoyle Fighter began the quest for the Orb.
     0 | D:1      | Reached XP level 1. HP: 14/14 MP: 1/1
   248 | D:1      | Reached XP level 2. HP: 19/19 MP: 2/2
   290 | D:1      | Found Xaudwuis's Weapon Shop.
   291 | D:1      | Found a faded altar of an unknown god.
   492 | D:1      | Reached skill level 1 in Stealth
   783 | D:1      | Reached XP level 3. HP: 24/24 MP: 3/3
  1582 | D:2      | Noticed Natasha
  1590 | D:2      | Killed Natasha
  1591 | D:2      | Reached XP level 4. HP: 23/29 MP: 4/4
  1635 | D:2      | Noticed Natasha
  1640 | D:2      | Killed Natasha
  1655 | D:2      | Noticed Natasha
  1665 | D:2      | Killed Natasha
  1666 | D:2      | Reached XP level 5. HP: 24/34 MP: 5/5
  1761 | D:2      | Learned a level 4 spell: Olgreb's Toxic Radiance
  2998 | D:3      | Reached XP level 6. HP: 40/40 MP: 6/6
  3145 | D:3      | Quit the game

Illustrated notes

Levels and vault maps discovered:
D:1:      minmay_arrival_stair_chambers, layout_basic, serial_shops,
          nicolae_shop_stone, hellmonk_ecumenical_altar_leap_of_faith
D:2:      layout_loops_ring, uniq_natasha
D:3:      layout_loops_cross, serial_glass, glass_columns_b, glass_columns_a
D:4:      layout_cave_pools, uniq_eustachio

Skill      XL: |  1  2  3  4 |
---------------+-------------+-----
Stealth        | 1 |  1.1
Fighting       | 4 |  4.8
Armour         | 4 |  4.8
Maces & Flails | 3 |  3.7
Shields        | |  3.2

Action                   |  1- 3 |  4- 6 || total
-------------------------+-------+-------++-------
Melee: Flail             |   123 |   106 ||   229
Armor: Scale mail        |    65 |    46 ||   111
Dodge: Dodged            |    29 |    29 ||    58
Block: Kite shield       |    58 |    44 ||   102
